 Dungeon Crawl Stone Soup version 0.29.1-2-gbd0b4ee654 (webtiles) character file.

Game seed: 3664795494676481854

5244 unlimited1921 the Thaumaturge (level 10, -4/62 HPs)
             Began as a Djinni Fire Elementalist on Nov 11, 2022.
             Was an Initiate of Gozag.
             Slain by a two-headed ogre
             ... wielding a +0 giant club
              (17 damage)
             ... on level 9 of the Dungeon.
             The game lasted 00:55:51 (14331 turns).

unlimited1921 the Thaumaturge (DjFE)               Turns: 14331, Time: 00:55:52

Health: -4/62      AC:  4    Str: 11      XL:     10   Next: 93%
Gold:   679        EV: 12    Int: 23 (24) God:    Gozag SH:  0 Dex: 12 (13)

rFire   + + +      SeeInvis .   p - +6 rapier "Aloaleli" {vorpal, rC+ Int+4}
rCold   . . .      Faith    .   (no shield)
rNeg    . . .      Spirit   .   n - +1 robe of Vines {NoPotionHeal Regen++++}
rPois   ∞          Reflect  .   I - +0 hat
rElec   .          Harm     .   (no cloak)
rCorr   +          Rampage  .   c - +0 pair of gloves
Will    +....                   (boots unavailable)
Stlth   +++.......              (no amulet)
HPRegen 3.40/turn               d - ring of resist corrosion
MPRegen 0.00/turn               D - ring of resist corrosion

@: flying
A: sickness immunity, fire resistance 3, cold vulnerability 1, float, innate
caster, HP casting, extra vitality 1, horns 1, deterioration 1, strong 1, sturdy
frame 1
a: Renounce Religion, Potion Petition, Call Merchant, Bribe Branch


You were on level 9 of the Dungeon.
You worshipped Gozag.
Gozag was pleased with you.
You visited 1 branch of the dungeon, and saw 9 of its levels.

You collected 1250 gold pieces.
You spent 504 gold pieces at shops.
You paid 67 gold pieces to Gozag.

Inventory:

Hand Weapons
 l - a +1 dagger of holy wrath
 p - the +6 rapier "Aloaleli" (weapon) {vorpal, rC+ Int+4}
   (You found it on level 5 of the Dungeon)

   It inflicts extra damage upon your enemies.
   Int:       It affects your intelligence (+4).
   rC:        It protects you from cold.
 u - the +4 dire flail of Gravity {spect, rC+ Str+3}
   (You took it off an ogre on level 5 of the Dungeon)

   When its wielder attacks, the weapon's spirit leaps out and strikes again.
   The spirit shares a part of any damage it takes with its wielder.
   Str:       It affects your strength (+3).
   rC:        It protects you from cold.
 w - a +2 flail of protection
Armour
 a - a +2 helmet
 c - a +0 pair of gloves (worn)
 n - the +1 robe of Vines (worn) {NoPotionHeal Regen++++}
   (You found it on level 5 of the Dungeon)

   Its wearer cannot be healed by potions.
   Regen:     It increases your rate of health regeneration.
 q - a +3 leather armour
 s - a +1 leather armour of cold resistance
 I - a +0 hat (worn)
Jewellery
 d - a ring of resist corrosion (left hand)
 D - a ring of resist corrosion (right hand)
 G - a ring of protection from fire
Wands
 f - a wand of quicksilver (4)
 o - a wand of polymorph (10)
 H - a wand of flame (13)
Scrolls
 b - 4 scrolls of enchant armour {unknown}
 g - 2 scrolls of fear
 h - a scroll of magic mapping
 i - a scroll of blinking
 m - 5 scrolls of teleportation {unknown}
 x - a scroll of brand weapon
 y - 2 scrolls of poison
 C - 2 scrolls of identify
 F - a scroll of fog {unknown}
Potions
 e - 3 potions of invisibility
 j - 4 potions of lignification
 k - 5 potions of brilliance
 r - 2 potions of berserk rage {unknown}
 t - a potion of attraction {unknown}
 v - 6 potions of curing {unknown}
 z - 2 potions of flight {unknown}
 A - a potion of degeneration {unknown}
 B - a potion of resistance
 E - 3 potions of heal wounds {unknown}


   Skills:
 + Level 1.0 Fighting
 + Level 0.4 Armour
 + Level 2.7 Dodging
 + Level 4.5 Stealth
 + Level 11.5 Spellcasting


You had 10 spell levels left.
You knew the following spells:

 Your Spells              Type           Power      Damage    Failure   Level
a - Foxfire               Conj/Fire      100%       2x1d9     1%          1
b - Scorch                Fire           100%       2d10      1%          2
c - Conjure Flame         Conj/Fire      60%        6-21      1%          3
d - Inner Flame           Hex/Fire       60%        N/A       1%          3
e - Flame Wave            Conj/Fire      60%        2d14      1%          4
f - Sandblast             Erth           100%       2d20      1%          1
g - Call Imp              Summ           60%        N/A       1%          2
h - Dazzling Flash        Conj/Hex       100%       N/A       1%          3
i - Portal Projectile     Hex/Tloc       100%       N/A       1%          3
Your spell library was empty.

Dungeon Overview and Level Annotations

Branches:
Dungeon (9/15)             Temple (0/1) D:5
   Lair: D:8-11         Orc: D:9-12

Altars:
Ashenzari
Dithmenos
Elyvilon
Fedhas
Gozag
Nemelex Xobeh
Okawaru
Qazlal
Ru
Wu Jian
Yredelemnul
Zin

Shops:
D:1 *   D:3 *

Annotations:
D:7 2 transporters, jujuben's ghost, amateur OpAE
D:8 3 runed translucent doors, Ekaitz's ghost, novice DsFE; TheSexyCheese's ghost, novice HOFi; ces's ghost, novice SpHu


Innate Abilities, Weirdness & Mutations

You are immune to sickness and miasma.
You are immune to poison.
Your flesh is almost immune to the effects of heat. (rF+++)
You are vulnerable to cold. (rC-)
You float through the air rather than walking.
You learn spells naturally, not from books.
Your magical power is your life essence.
You have superior vitality. (+4 MHP)
You have a pair of small horns on your head.
Your body sometimes deteriorates upon taking damage.
Your muscles are strong. (Str +4, Int/Dex -1)
Your movements are slightly less encumbered by armour. (ER -2)


Message History

The centaur is engulfed in blazing flames.
The centaur explodes!
Your foxfire dissipates!
Your foxfire dissipates!
You now have 628 gold pieces (gained 3).
Found 9 gold pieces.
You now have 634 gold pieces (gained 6).
You now have 639 gold pieces (gained 5).
You now have 644 gold pieces (gained 5).
Found a stone staircase leading up.
You now have 650 gold pieces (gained 6).
You now have 653 gold pieces (gained 3).
You now have 657 gold pieces (gained 4).
You now have 662 gold pieces (gained 5).
You now have 673 gold pieces (gained 11).
You now have 676 gold pieces (gained 3).
You now have 679 gold pieces (gained 3).
A two-headed ogre comes into view. It is wielding two +0 giant clubs.
The two-headed ogre moves out of view.
The two-headed ogre hits you with a +0 giant club!
The two-headed ogre hits you with a +0 giant club.
Casting: Foxfire (safe; 1% risk of failure)
Confirm with . or Enter, or press ? or * to list all spells.
A beastly little devil appears in a puff of frigid air.
The two-headed ogre attacks as you move away!
The two-headed ogre hits you with a +0 giant club!
Your body deteriorates!
You feel clumsy. The two-headed ogre barely misses you.
Your white imp hits the two-headed ogre but does no damage.
Casting: Call Imp (safe; 1% risk of failure)
Confirm with . or Enter, or press ? or * to list all spells.
Flames lash the two-headed ogre.
The two-headed ogre is lightly wounded.
The two-headed ogre's fire resistance burns away.
The two-headed ogre hits you with a +0 giant club!!
* * * LOW HITPOINT WARNING * * *
Your body deteriorates!
You feel dopey.
The two-headed ogre hits you with a +0 giant club!
You die...
Your body crumbles into a pile of gold.

....#...## +.## #..#
..<....## #..###..#
......## ##....#..###.
####..### #..##........
#....## ##..###.......
#.....# ###..##
#.....## #..#..#
####....# ##..#...#
#.#####
###.......###........
#.#
##...@.....#.........#
#.#
##....O.........#######
+.# #.....5.........#
#. ##.....$.....#.###
#.......#.).)###
#......#..####
#........## #<......##
#.......##


You could see a two-headed ogre (combustible, ally target) and a friendly white
imp (summoned).

Vanquished Creatures
  2 two-headed ogres (D:8)
  A cyclops (D:8)
  The ghost of BuzzyBeetle the Cudgeller, a novice GrFi (D:5)
  2 hornets
  Grinder (D:5)
  2 wyverns
  A shadow (D:9)
  An acid dragon (D:9)
  An orc warrior (D:6)
  A sky beast (D:8)
  3 black bears
  5 ogres
  2 centaurs
  A phantom (D:4)
  A bullfrog (D:9)
  A scorpion (D:6)
  A killer bee (D:9)
  4 hounds
  3 jellies
  A gnoll bouda (D:4)
  8 orc priests
  8 orc wizards
  Ijyb (D:5)
  Terence (D:2)
  3 iguanas
  3 gnolls (D:4)
  10 adders
  2 shadow imps
  A worm (D:2)
  2 dart slugs (D:2)
  26 orcs
  10 ball pythons
  5 endoplasms
  6 giant cockroaches
  5 goblins
  6 hobgoblins
  3 quokkas
  5 bats
  3 frilled lizards
  4 kobolds
  8 rats
155 creatures vanquished.

Vanquished Creatures (collateral kills)
  An ogre (D:7)
  An orc (D:4)
  A hobgoblin (D:4)
3 creatures vanquished.

Vanquished Creatures (others)
  535 foxfires
535 creatures vanquished.

Grand Total: 693 creatures vanquished

Notes
Turn   | Place    | Note
-------+----------+-------------------------------------------
     0 | D:1      | unlimited1921 the Djinni Fire Elementalist began the quest
                  | for the Orb.
     0 | D:1      | unlimited1921 set off with the following spells memorised:
                  | Foxfire, Scorch, Conjure Flame, Inner Flame, Flame Wave.
     0 | D:1      | Reached XP level 1. HP: 15/15 MP: 0/0
   605 | D:1      | Reached XP level 2. HP: 15/21 MP: 0/0
  1283 | D:1      | Found a faded altar of an unknown god.
  1292 | D:1      | Found Xakao's Assorted Antiques.
  2450 | D:2      | Reached skill level 3 in Spellcasting
  2450 | D:2      | Reached XP level 3. HP: 23/25 MP: 0/0
  2450 | D:2      | Learned a level 1 spell: Sandblast
  2475 | D:2      | Noticed Terence
  2479 | D:2      | Killed Terence
  2569 | D:2      | Reached XP level 4. HP: 27/31 MP: 0/0
  3803 | D:2      | Reached XP level 5. HP: 32/35 MP: 0/0
  3803 | D:2      | Learned a level 2 spell: Call Imp
  4102 | D:3      | You are sucked into a shaft and drop 1 floor!
  4144 | D:4      | Reached skill level 4 in Spellcasting
  4161 | D:4      | Reached XP level 6. HP: 13/40 MP: 0/0
  4398 | D:4      | Found an opulent altar of Gozag.
  4423 | D:4      | Became a worshipper of Gozag Ym Sagoz the Greedy
  4763 | D:4      | Reached skill level 5 in Spellcasting
  4924 | D:4      | Reached XP level 7. HP: 31/45 MP: 0/0
  4924 | D:4      | Learned a level 3 spell: Dazzling Flash
  5265 | D:4      | Gained mutation: You have hidden genetic potential. [potion
                  | of mutation]
  5265 | D:4      | Gained mutation: Your body sometimes deteriorates upon
                  | taking damage. [potion of mutation]
  5265 | D:4      | Gained mutation: Your movements are slightly less
                  | encumbered by armour. (ER -2) [potion of mutation]
  5265 | D:4      | Gained mutation: Your muscles are strong. (Str +4, Int/Dex
                  | -1) [potion of mutation]
  6386 | D:3      | Found Dadeahal's General Store.
  6451 | D:3      | Bought a wand of quicksilver (4) for 218 gold pieces
  7269 | D:3      | Found a sacrificial altar of Ru.
  7379 | D:3      | Found a white marble altar of Elyvilon.
  7380 | D:3      | Found an ornate altar of the Wu Jian Council.
  7380 | D:3      | Found a sparkling altar of Nemelex Xobeh.
  7724 | D:3      | Found a basalt altar of Yredelemnul.
  7832 | D:5      | Entered Level 5 of the Dungeon
  7862 | D:5      | Noticed Grinder
  7868 | D:5      | Killed Grinder
  7869 | D:5      | Reached skill level 6 in Spellcasting
  7869 | D:5      | Reached XP level 8. HP: 34/51 MP: 0/0
  7875 | D:5      | Gained mutation: You have a pair of small horns on your
                  | head. [hidden potential]
  7974 | D:5      | Found the +1 robe of Vines {NoPotionHeal Regen++++}
  8232 | D:5      | Found a shadowy altar of Dithmenos.
  8381 | D:5      | Found a staircase to the Ecumenical Temple.
  8385 | D:5      | Noticed Ijyb
  8395 | D:5      | Killed Ijyb
  8524 | D:5      | Found a transporter.
  8525 | D:5      | Noticed BuzzyBeetle's ghost (novice GrFi)
  8526 | D:5      | Found a transporter.
  8526 | D:5      | Identified the +4 dire flail of Gravity {spect, rC+ Str+3}
  8757 | D:5      | Identified the +6 rapier "Aloaleli" {vorpal, rC+ Int+4}
  8950 | D:5      | Found an iron altar of Okawaru.
  9161 | D:5      | Reached skill level 7 in Spellcasting
  9427 | D:5      | Killed BuzzyBeetle's ghost
  9428 | D:5      | Reached XP level 9. HP: 30/56 MP: 0/0
  9428 | D:5      | Learned a level 3 spell: Portal Projectile
  9432 | D:5      | Gained mutation: Your flesh is almost immune to the effects
                  | of heat. (rF+++) [hidden potential]
  9432 | D:5      | Lost mutation: You have hidden genetic potential. [hidden
                  | potential expressed]
  9577 | D:6      | Reached skill level 8 in Spellcasting
 10714 | D:6      | Found the +3 woodcutter's axe {vorpal}
 10772 | D:6      | Found a blossoming altar of Fedhas.
 11472 | D:1      | Bought a golden potion for 16 gold pieces
 11472 | D:1      | Bought a scroll labelled XYFFO BENIE for 18 gold pieces
 11472 | D:1      | Bought a scroll labelled AKASKI AKAEH for 18 gold pieces
 11472 | D:1      | Bought a potion of resistance for 180 gold pieces
 11472 | D:1      | Bought a potion of lignification for 54 gold pieces
 11705 | D:7      | Found a transporter.
 11720 | D:7      | Noticed a centaur warrior
 11737 | D:7      | Noticed jujuben's ghost (amateur OpAE)
 11771 | D:7      | Found a stormy altar of Qazlal.
 11780 | D:7      | Found a transporter.
 11836 | D:7      | Noticed a hornet
 11841 | D:7      | Killed a hornet
 11842 | D:7      | Reached skill level 9 in Spellcasting
 12876 | D:8      | Found a broken altar of Ashenzari.
 12903 | D:8      | Found a glowing silver altar of Zin.
 12918 | D:8      | Noticed a two-headed ogre
 12925 | D:8      | Killed a two-headed ogre
 12926 | D:8      | Reached skill level 10 in Spellcasting
 12926 | D:8      | Reached XP level 10. HP: 61/61 MP: 0/0
 13139 | D:8      | Noticed a two-headed ogre
 13149 | D:8      | Killed a two-headed ogre
 13150 | D:8      | Reached skill level 1 in Fighting
 13154 | D:8      | Noticed a cyclops
 13220 | D:8      | Killed a cyclops
 13517 | D:8      | Reached skill level 11 in Spellcasting
 13682 | D:8      | Found a runed translucent gate.
 13692 | D:8      | Found a runed translucent gate.
 13693 | D:8      | Found a runed translucent gate.
 13694 | D:8      | Noticed ces's ghost (novice SpHu)
 13694 | D:8      | Noticed TheSexyCheese's ghost (novice HOFi)
 13694 | D:8      | Noticed Ekaitz's ghost (novice DsFE)
 14323 | D:9      | Noticed a two-headed ogre
 14331 | D:9      | Slain by a two-headed ogre

Illustrated notes

Levels and vault maps discovered:
D:1:      pf_arrival_petrified_forest, layout_basic, serial_shops,
          shop_fountains, ebering_ecumenical_altar_petrified
D:2:      minmay_recursive_quarters, layout_basic, uniq_terence
D:3:      layout_loops_ring, nicolae_ru_the_path_less_chosen,
          chequers_temple_overflow_statue_of_worship, marbit_many_paths,
          serial_shops, nicolae_shop_behind_doors
D:4:      layout_cave_pods, nicolae_gozag_seed_capital
D:5:      layout_loops_corners, mainiacjoe_overflow_chevrons,
          grunt_temple_overflow_open, minmay_temple_entry_sparse_star,
          gammafunk_ghost_smash, uniq_grinder, uniq_ijyb
D:6:      layout_basic, kennysheep_little_box
D:7:      layout_gridville, mainiacjoe_overflow_alcove_1, gammafunk_ghost_arena,
          dk_noncrumbling_4, dk_vineyard_1, minivault_24
D:8:      minmay_general_purpose_star, layout_cave_pods,
          nicolae_ashenzari_panopticon, zin_academy, gammafunk_ghost_cemetery
D:9:      minmay_s_stair_smasher, layout_layer_cave, lair_entry_dummy,
          minmay_door_square, kennysheep_generic_room_8, uniq_erica

Skill      XL: |  1  2  3  4  5  6  7  8  9 10 |
---------------+-------------------------------+-----
Spellcasting   | 3 4 5 6 7 10 11 | 11.5
Stealth        | 2 3 4 |  4.5
Fighting       | 1 |  1.0
Armour         | |  0.4
Dodging        | |  2.7

Action                   |  1- 3 |  4- 6 |  7- 9 | 10-12 || total
-------------------------+-------+-------+-------+-------++-------
Melee: Unarmed           |       |       |     6 |       ||     6
 Cast: Foxfire           |    38 |    65 |   156 |    57 ||   316
       Scorch            |     7 |     8 |    49 |     7 ||    71
       Inner Flame       |       |    18 |    35 |    11 ||    64
       Call Imp          |       |     1 |     7 |    11 ||    19
       Conjure Flame     |       |     1 |     1 |       ||     2
       Dazzling Flash    |       |       |     6 |       ||     6
       Portal Projectile |       |       |     1 |       ||     1
  Use: Scroll            |       |     3 |     5 |     1 ||     9
       Potion            |       |       |     6 |       ||     6
Armor: Skin              |       |       |    22 |       ||    22
       Leather armour    |       |       |    10 |       ||    10
       Robe              |       |       |     2 |       ||     2
Dodge: Dodged            |     6 |     2 |    18 |     5 ||    31
